 Dungeon Crawl Stone Soup version 0.32-a0-913-g739538afd8 (webtiles) character file.

Game seed: 1660034306377789503

63756 smashvw the Spry (level 14, -2/144 HPs)
             Began as a Felid Berserker on Apr 9, 2024.
             Was the Champion of Trog.
             Shot with a sling bullet by a faun (9 damage)
             ... on level 1 of the Shoals.
             The game lasted 00:49:45 (22637 turns).

smashvw the Spry (Felid Berserker)                 Turns: 22637, Time: 00:49:45

Health: -2/144     AC: 11    Str: 18    XL:     14   Next: 69%
Magic:  0/15       EV: 19    Int: 11    God:    Trog [******]
Gold:   1478       SH:  0    Dex: 21    Spells: 13/13 levels left
                                        Lives:  0   Deaths: 5

rFire   . .          .
                       - Unarmed
rCold   . . .        (shield unavailable)
rNeg    . . .        (body armour unavailable)
rPois   +            (helmet unavailable)
rElec   .            (cloak unavailable)
rCorr   .            (gloves unavailable)
SInv    +            (boots unavailable)
Will    ++++.        l - amulet of guardian spirit Stlth
                     j - ring of flight
HPRegen 1.44/turn    K - ring of poison resistance
MPRegen 0.14/turn

%: guardian spirit
@: berserking, snake-form, strong-willed, flying, regenerating, studying 2
skills, very quick
A: constrict, boosted hp, large, (claws 1), (fangs 3), see invisible, (shaggy
fur 3), (stealthy paws), no weapons or thrown items, no armour, multi-lived
a: Begin Untransformation, Renounce Religion, Berserk, Trog's Hand, Brothers in
Arms


You were on level 1 of the Shoals.
You worshipped Trog.
Trog was exalted by your worship.
You were an enormous serpent.
You visited 4 branches of the dungeon, and saw 18 of its levels.
You also visited: Sewer.

You collected 1910 gold pieces.
You spent 432 gold pieces at shops.

Inventory:

Hand Weapons
 J - a +0 flail
Jewellery
 h - an amulet of reflection
 j - a ring of flight (left hand)
 l - an amulet of guardian spirit (around neck)
 A - a ring of fire
 G - a ring of protection from fire
 I - a ring of positive energy
 K - a ring of poison resistance (right hand)
 O - a ring of willpower
 P - an amulet of faith
 U - a ring of fire
Talismans
 H - a serpent talisman (active)
 L - a granite talisman
Wands
 e - a wand of polymorph (12)
 p - a wand of charming (24)
 s - a wand of digging (3)
 y - a wand of flame (37) (quivered)
 C - a wand of mindburst (12)
 E - a wand of warping (9)
 R - a wand of quicksilver (9)
Scrolls
 a - 2 scrolls of revelation
 b - 5 scrolls of immolation
 d - 2 scrolls of teleportation
 g - 6 scrolls of fear
 i - a scroll of fog
 n - 5 scrolls of poison
 o - 5 scrolls of vulnerability
 q - 4 scrolls of noise
 r - a scroll of amnesia
 v - 2 scrolls of silence
 w - 4 scrolls of enchant armour
 B - 2 scrolls of enchant weapon
 M - a scroll of butterflies
 N - a scroll of brand weapon {unknown}
 Q - 2 scrolls of identify
Potions
 c - 5 potions of degeneration
 f - 3 potions of mutation
 k - a potion of resistance
 m - 2 potions of enlightenment
 t - 2 potions of magic
 u - 2 potions of lignification
 x - 4 potions of haste
 z - a potion of ambrosia {unknown}
 D - a potion of heal wounds
 F - 2 potions of might
 S - 5 potions of curing
 T - a potion of invisibility
 V - a potion of attraction {unknown}


   Skills:
 - Level 12.0 Fighting
 - Level 15.0 Dodging
 - Level 10.0 Stealth
 - Level 12.0 Unarmed Combat
 - Level 4.0 Evocations
 + Level 14.3 Shapeshifting


You had 13 spell levels left.
You didn't know any spells.
Your spell library was empty.

Dungeon Overview and Level Annotations

Branches:
Dungeon (11/15)            Temple (0/1) D:5            Lair (4/5) D:11
 Shoals (1/4) Lair:2       Spider (0/4) Lair:2          Orc (2/2) D:9
    Elf (0/3) Orc:2         Sewer (visited)
  Slime: Lair:4-5

Altars:
Ashenzari
Gozag
Hepliaklqana
Ru
Sif Muna
Trog
Wu Jian
Zin
Beogh

Shops:
Orc:2 ![!=

Portals:
Pandemonium: Orc:2

Annotations:
D:2 1 runed translucent door, Crazy Yiuf
D:5 2 transporters, dynoo's ghost, novice KoDe
D:8 2 transporters, timneilson's ghost, novice OpSh


Innate Abilities, Weirdness & Mutations

You are an enormous serpent.
You have a powerful constriction melee attack.
Your maximum health is increased.
((You have sharp claws.))
((You have razor-sharp teeth.))
You have supernaturally acute eyesight. (SInv)
((Your thick and shaggy fur keeps you warm. (AC +3, rC+)))
((Your paws help you pounce on unaware monsters.))
You are incapable of wielding weapons or throwing items.
You cannot wear armour.
You gain extra lives every three experience levels.


Message History

A merfolk comes into view. It is wielding a +0 trident.
You feel a strong urge to attack something.
The faun shouts!
The merfolk shouts!
The merfolk impaler closely misses you.
There is a large open door, spattered with blood here.
Things that are here:
a +0 trident; a boomerang; a merfolk corpse You completely miss the merfolk impaler.
You grab the merfolk impaler. You constrict the merfolk impaler.
The merfolk impaler struggles to escape constriction.
The merfolk misses you.
You lash the merfolk impaler!
The merfolk impaler is lightly wounded.
You constrict the merfolk impaler.
You body-slam the merfolk impaler!!
The merfolk impaler is heavily wounded.
You constrict the merfolk impaler.
The merfolk impaler hits you with a +4 demon trident.
* * * LOW HITPOINT WARNING * * *
The merfolk throws a boomerang.
The boomerang closely misses you. The merfolk completely misses you.
You lash the merfolk impaler!
The merfolk impaler is severely wounded.
You constrict the merfolk impaler.
The merfolk impaler hits you with a +4 demon trident.
* * * LOW HITPOINT WARNING * * *
The merfolk hits you from afar with a +0 trident!
* * * LOW HITPOINT WARNING * * *
You body-slam the merfolk impaler!!
You kill the merfolk impaler!
Trog accepts your kill.
The merfolk throws a boomerang.
The boomerang barely misses you. The merfolk misses you.
The merfolk closely misses you.
You lash the faun! You grab the faun.
The faun is moderately wounded.
You constrict the faun.
You release your grip on the faun.
The faun unwields a +0 club.
The faun wields a +0 sling of draining.
You sense an unholy aura.
The faun shoots a sling bullet.
The sling bullet hits you!
You die...

.~~.P...P≈≈≈≈≈≈≈≈≈≈≈≈≈≈≈≈≈≈≈≈≈≈≈≈
.~~~.....PP≈≈≈≈≈≈≈≈≈≈≈≈≈≈≈≈≈≈≈≈≈≈
)~~.......P≈≈≈≈≈≈≈≈≈≈≈≈≈≈≈≈≈≈≈≈≈≈
~P.........P≈≈≈≈≈≈≈≈≈≈≈≈≈≈≈≈≈≈≈≈≈
~....P.....~≈≈≈≈≈≈≈≈≈≈≈≈≈≈≈≈≈≈≈≈≈
...........~############≈≈≈≈≈≈≈≈≈
.......)..P##ß#ß####ß#ß##≈≈≈≈≈≈≈≈
.........###......~~~~~~###~~~~~~
........##.....)S.~~~~~~~ ##~~...
~......)#.....###)'###~~ #~....
~......#'....##..c...# +#....
~~.....#######...mm...# #....
~~.....# #ßm.......ß# #....
~~~....# ##........## #....
~~~....#+ ##......## +#....
~~~.....# ###''### #.....
~~~.....## .... ##.....


You could see 2 merfolk and a faun.

Vanquished Creatures
  2 merfolk impalers (Shoals:1)
  Erolcha (D:10)
  2 ogre magi (Orc:2)
  A hydra (Lair:2)
  A merfolk avatar (Shoals:1)
  7 two-headed ogres
  Erica (D:9)
  3 demonspawn (Orc:2)
  A boulder beetle (D:11)
  A merfolk aquamancer (Shoals:1)
  A centaur warrior (Shoals:1)
  A satyr (Shoals:1)
  8 death yaks
  9 orc high priests (Orc:2)
  A skyshark (Shoals:1)
  Sonja (D:11)
  A sea snake (Shoals:1)
  2 arcanists (D:10)
  3 orc knights (Orc:2)
  An obsidian bat (Orc:2)
  3 orc sorcerers (Orc:2)
  7 ugly things
  A cyclops (D:11)
  3 fauns (Shoals:1)
  4 black mambas
  3 manticores
  4 elephants (Lair:3)
  A kobold blastminer (Orc:2)
  3 merfolk sirens (Shoals:1)
  Maggie (D:9)
  3 cane toads
  A gargoyle (D:10)
  An efreet (D:11)
  2 komodo dragons
  3 ice devils (Orc:2)
  3 polar bears
  3 merfolk (Shoals:1)
  2 wind drakes
  2 jumping spiders (Lair:2)
  2 trolls (D:10)
  5 blink frogs (Lair:3)
  A snapping turtle (Shoals:1)
  2 water elementals (Shoals:1)
  Sigmund (D:4)
  2 wyverns (Lair:1)
  43 yaks
  2 culicivoras (Lair:2)
  A basilisk (Lair:1)
  A steam dragon (Lair:4)
  3 wargs (Orc:2)
  A vampire mosquito (D:11)
  3 redbacks (Lair:2)
  11 water moccasins
  31 orc warriors
  4 black bears
  An ice beast (D:5)
  2 sky beasts
  9 ogres
  5 centaurs
  27 wolves
  A phantom (D:5)
  3 kobold brigands
  Blork the orc (D:6)
  7 bullfrogs
  A gnoll sergeant (D:10)
  3 scorpions (D:6)
  6 killer bees (D:8)
  2 bombardier beetles
  2 jellies
  7 hounds
  A gnoll bouda (D:4)
  22 orc priests
  6 iguanas
  3 sleepcaps
  Ijyb (D:3)
  17 orc wizards
  13 gnolls
  9 adders
  6 river rats (Sewer)
  A shadow imp (D:8)
  2 ufetubi (D:7)
  3 ribbon worms
  2 dart slugs
  74 orcs
  4 bats (D:2)
  10 endoplasms
  2 giant cockroaches
  5 goblins
  8 hobgoblins
  7 jackals
  8 quokkas
  11 ball pythons
  7 frilled lizards
  27 kobolds
  27 rats
564 creatures vanquished.

Vanquished Creatures (others)
  A water elemental (Shoals:1)
  An electric eel (D:11)
2 creatures vanquished.

Grand Total: 566 creatures vanquished

Notes
Turn   | Place    | Note
-------+----------+-------------------------------------------
     0 | D:1      | smashvw the Felid Berserker began the quest for the Orb.
     0 | D:1      | Reached XP level 1. HP: 12/12 MP: 2/2
   145 | D:1      | Reached XP level 2. HP: 11/16 MP: 3/3
   215 | D:1      | Reached skill level 1 in Stealth
   666 | D:2      | Reached XP level 3. HP: 19/20 MP: 4/4
   774 | D:2      | Reached ** piety under Trog
  1145 | D:2      | Found a runed translucent door.
  1146 | D:2      | Noticed Crazy Yiuf
  1436 | D:3      | Reached XP level 4. HP: 18/25 MP: 2/5
  1436 | D:3      | Gained a life (2 lives remaining)
  1443 | D:3      | HP: 1/25 [orc/+0 falchion (4)]
  1446 | D:3      | Reached skill level 5 in Dodging
  1583 | D:3      | Found a faded altar of an unknown god.
  1921 | D:3      | Reached XP level 5. HP: 14/29 MP: 6/6
  2158 | D:3      | Found a broken altar of Ashenzari.
  2161 | D:3      | Noticed Ijyb
  2181 | D:3      | Killed Ijyb
  2384 | D:3      | Found an opulent altar of Gozag.
  2811 | D:4      | Reached *** piety under Trog
  2908 | D:4      | Found a glowing drain.
  2933 | D:4      | Noticed Sigmund
  2949 | Sewer    | Entered a sewer
  2990 | Sewer    | Gained mutation: You are covered in thick fur. (AC +2)
                  | [Felid growth]
  2990 | Sewer    | Reached XP level 6. HP: 33/33 MP: 7/7
  3214 | Sewer    | Reached **** piety under Trog
  3436 | Sewer    | Reached skill level 6 in Dodging
  3957 | D:5      | Entered Level 5 of the Dungeon
  3959 | D:5      | Found a transporter.
  3959 | D:5      | Noticed dynoo's ghost (novice KoDe)
  3990 | D:4      | Reached skill level 5 in Stealth
  4036 | D:4      | Killed Sigmund
  4037 | D:4      | Reached skill level 5 in Unarmed Combat
  4037 | D:4      | Reached XP level 7. HP: 38/38 MP: 6/8
  4437 | D:4      | Reached skill level 5 in Fighting
  4606 | D:5      | Identified the +4 rapier of the Jumping Gods {flame, rC-
                  | Will+ Dex+5 Stlth+}
  4898 | D:5      | Found a staircase to the Ecumenical Temple.
  4913 | D:5      | Reached skill level 7 in Dodging
  4991 | D:5      | Reached XP level 8. HP: 44/44 MP: 9/9
  5487 | D:5      | Found a transporter.
  5703 | D:6      | Noticed Blork the orc
  5711 | D:6      | Killed Blork the orc
  5712 | D:6      | Reached skill level 8 in Dodging
  5712 | D:6      | Reached skill level 1 in Evocations
  6249 | D:6      | Found an ornate altar of the Wu Jian Council.
  6251 | D:6      | Found a sacrificial altar of Ru.
  6674 | D:7      | Reached skill level 9 in Dodging
  6674 | D:7      | Reached XP level 9. HP: 49/49 MP: 10/10
  7333 | D:8      | Noticed a moth of wrath
  7336 | D:8      | Noticed a two-headed ogre
  7341 | D:8      | Noticed timneilson's ghost (novice OpSh)
  7348 | D:8      | Found a transporter.
  7374 | D:8      | Reached ***** piety under Trog
  7712 | D:8      | Found a bloodstained altar of Trog.
  7718 | D:8      | Found a transporter.
  7759 | D:8      | Reached skill level 10 in Dodging
  8513 | D:9      | Noticed Erica
  8522 | D:9      | Killed Erica
  8523 | D:9      | Reached XP level 10. HP: 16/56 MP: 1/11
  8797 | D:9      | Noticed Maggie
  8825 | D:9      | Reached skill level 11 in Dodging
  8950 | D:9      | Killed Maggie
  9324 | D:9      | Found a roughly hewn altar of Beogh.
  9426 | D:9      | Found a staircase to the Orcish Mines.
  9775 | D:10     | Entered Level 10 of the Dungeon
 10041 | D:10     | Found a glowing silver altar of Zin.
 10152 | D:10     | Reached skill level 12 in Dodging
 10271 | D:10     | Found a hazy altar of Hepliaklqana.
 10296 | D:10     | Noticed a gargoyle
 10314 | D:10     | Killed a gargoyle
 10416 | D:10     | Noticed Erolcha
 10436 | D:10     | Killed Erolcha
 10437 | D:10     | Reached skill level 1 in Shapeshifting
 10560 | D:10     | Found a bloodstained altar of Trog.
 10605 | D:10     | Noticed a purple ugly thing
 10605 | D:10     | Noticed a cyan ugly thing
 10607 | D:10     | Noticed a red ugly thing
 10609 | D:10     | Noticed a white ugly thing
 10609 | D:10     | Noticed a white ugly thing
 10614 | D:10     | Killed a purple ugly thing
 10614 | D:10     | Noticed a green ugly thing
 10623 | D:10     | Killed a cyan ugly thing
 10624 | D:10     | Reached XP level 11. HP: 56/63 MP: 6/12
 10628 | D:10     | Killed a cyan ugly thing
 10634 | D:10     | Mangled by a red ugly thing
 10634 | D:10     | Lost a life (1 life remaining)
 10668 | D:9      | Mangled by a white ugly thing
 10668 | D:9      | Lost a life (0 lives remaining)
 10683 | D:10     | Killed a red ugly thing
 10694 | D:10     | Killed a green ugly thing
 10826 | D:9      | Killed a white ugly thing
 10827 | D:9      | Reached skill level 10 in Fighting
 10827 | D:9      | Reached skill level 10 in Unarmed Combat
 10960 | D:10     | Noticed an arcanist
 10961 | D:10     | Noticed a red ugly thing
 10970 | D:10     | Killed an arcanist
 10971 | D:10     | Reached skill level 13 in Dodging
 10979 | D:10     | Killed a red ugly thing
 11125 | D:10     | Noticed an arcanist
 11134 | D:10     | Killed an arcanist
 11771 | D:11     | Found a staircase to the Lair.
 11816 | D:11     | Noticed a boulder beetle
 11834 | D:11     | Killed a boulder beetle
 11871 | D:11     | Noticed a two-headed ogre
 11885 | D:11     | Killed a two-headed ogre
 12226 | D:11     | Found a shimmering blue altar of Sif Muna.
 12309 | D:11     | Noticed Sonja
 12311 | D:11     | Killed Sonja
 12312 | D:11     | Reached skill level 14 in Dodging
 12776 | Lair:1   | Entered Level 1 of the Lair of Beasts
 12919 | Lair:1   | Reached skill level 5 in Shapeshifting
 12919 | Lair:1   | Gained mutation: Your thick and shaggy fur keeps you warm.
                  | (AC +3, rC+) [Felid growth]
 12919 | Lair:1   | Reached XP level 12. HP: 67/67 MP: 8/13
 12919 | Lair:1   | Gained a life (1 life remaining)
 13087 | Lair:1   | Identified 2 scrolls of acquirement
 13087 | Lair:1   | Acquired a manual of Stealth
 13089 | Lair:1   | Acquired a manual of Fighting
 13526 | Lair:2   | Found a staircase to the Shoals.
 13808 | Lair:2   | Noticed a four-headed hydra
 13820 | Lair:2   | Killed a four-headed hydra
 13999 | Lair:2   | Noticed a death yak
 13999 | Lair:2   | Noticed a death yak
 13999 | Lair:2   | Noticed a death yak
 14060 | Lair:1   | Killed a death yak
 14196 | Lair:1   | Killed a death yak
 14197 | Lair:1   | Reached skill level 15 in Dodging
 15035 | Lair:2   | Noticed a death yak
 15035 | Lair:2   | Noticed a death yak
 15079 | Lair:2   | Killed a death yak
 15080 | Lair:2   | Reached skill level 10 in Stealth
 15448 | Lair:2   | Found a hole to the Spider Nest.
 15543 | Lair:2   | Noticed a death yak
 15547 | Lair:2   | Noticed a death yak
 15550 | Lair:2   | Noticed a death yak
 15564 | Lair:2   | Killed a death yak
 15572 | Lair:2   | Killed a death yak
 15576 | Lair:2   | Killed a death yak
 15700 | Lair:2   | HP: 4/100 [culicivora (7)]
 15702 | Lair:2   | HP: 1/100 [poisoned by a redback]
 15704 | Lair:2   | Reached XP level 13. HP: 1/72 MP: 1/14
 15704 | Lair:2   | Gained a life (2 lives remaining)
 15704 | Lair:2   | Succumbed to a redback's poison
 15704 | Lair:2   | Lost a life (1 life remaining)
 17006 | Lair:3   | Reached skill level 10 in Shapeshifting
 18258 | Orc:1    | Entered Level 1 of the Orcish Mines
 18591 | Orc:2    | Entered Level 2 of the Orcish Mines
 18635 | Orc:1    | Found a roughly hewn altar of Beogh.
 18648 | Orc:2    | Reached ****** piety under Trog
 19210 | Orc:2    | Found a roughly hewn altar of Beogh.
 19449 | Orc:2    | Found a staircase to the Elven Halls.
 19806 | Orc:2    | Found Udura's Distillery.
 19808 | Orc:2    | Found Meruh's Distillery.
 20284 | Orc:2    | Bought a potion of curing for 54 gold pieces
 20284 | Orc:2    | Bought a potion of invisibility for 144 gold pieces
 20284 | Orc:2    | Bought a potion of might for 72 gold pieces
 20284 | Orc:2    | Bought a potion of curing for 54 gold pieces
 20284 | Orc:2    | Bought 2 potions of curing for 108 gold pieces
 20292 | Orc:2    | Reached XP level 14. HP: 80/80 MP: 13/15
 20292 | Orc:2    | Gained a life (2 lives remaining)
 20339 | Orc:2    | Slain by an orc warrior
 20339 | Orc:2    | Lost a life (1 life remaining)
 20981 | Orc:2    | Slain by a demonspawn
 20981 | Orc:2    | Lost a life (0 lives remaining)
 21061 | Orc:2    | Found Canughosi's Jewellery Emporium.
 21061 | Orc:2    | Found Ylyfep's Antique Armour Shoppe.
 21062 | Orc:2    | Found a one-way gate leading to the halls of Pandemonium.
 21366 | Shoals:1 | Entered Level 1 of the Shoals
 22169 | Shoals:1 | Noticed a kraken
 22634 | Shoals:1 | HP: 4/144 [merfolk/+0 trident (13)]
 22637 | Shoals:1 | Shot with a sling bullet by a faun

Illustrated notes

Levels and vault maps discovered:
D:1:      roderic_octagonal_star, layout_rooms
D:2:      layout_basic, minmay_split_cup_large, uniq_crazy_yiuf_cottage
D:3:      layout_basic, mainiacjoe_overflow_six_doors_small, old_standard_altar,
          hellmonk_ecumenical_altar_run_dry, uniq_ijyb
D:4:      layout_cave_pools, gup_sewer_entry_bowl, uniq_sigmund
D:5:      layout_basic, minmay_temple_entry_junction, gammafunk_ghost_mausoleum,
          serial_library_hellmonk_angled_corner, nrook_mini_vaults,
          minmay_misc_feat_x
D:6:      layout_cave_pools, chequers_temple_overflow_statue_of_worship,
          serial_park, serial_park_square1 [serial_park_minivault_5x5_8],
          serial_park_tiny_pond, serial_park_square2, serial_park_avenue1,
          minmay_misc_feat_room, uniq_blork_the_orc
D:7:      layout_loops_ring, minmay_tree_intersection
D:8:      lemuel_ice_spiral_2, layout_basic, gammafunk_ghost_wrathful_warriors
D:9:      layout_roguey, david_orc_5, minmay_misc_feat_tiny, uniq_erica,
          uniq_maggie
D:10:     cheibrodos_breeding_chamber, layout_cross, lemuel_round_altar,
          mainiacjoe_overflow_catwalk_spiral, chequers_garden, uniq_erolcha
D:11:     layout_loops_corners, erik_lair_island, kennysheep_small_circle,
          uniq_sonja
Lair:1:   layout_chaotic_city, grunt_megastairs_3, infiniplex_staircase_pool_2,
          serial_bayou_shore_b
Lair:2:   layout_cave_pods, minmay_shoals_entry_beasts,
          nicolae_spider_entry_tight_spaces
Lair:3:   layout_cave_pods, chequers_serial_rivers_small_3
Lair:4:   layout_misc_corridors
Shoals:1: cheibrodos_shoals_oceanic_diplomacy, layout_shoals, nicolae_tricolors
Orc:1:    layout_caves, basic_altar
Orc:2:    pf_orc_diabolical, layout_diamond_mine, basic_altar

Skill      XL: |  1  2  3  4  5  6  7  8  9 10 11 12 13 14 |
---------------+-------------------------------------------+-----
Stealth        | 1 2 3 4 5 6 10 | 10.0
Dodging        | 5 6 7 9 10 12 14 15 | 15.0
Fighting       | 4 5 6 8 9 10 12 | 12.0
Unarmed Combat | 4 5 6 8 9 11 12 | 12.0
Evocations     | 3 4 |  4.0
Shapeshifting  | 1 5 8 11 14 | 14.3

Action                     |  1- 3 |  4- 6 |  7- 9 | 10-12 | 13-15 || total
---------------------------+-------+-------+-------+-------+-------++-------
  Melee: Unarmed           |   113 |   276 |   363 |   658 |   655 ||  2065
         Bite              |     7 |    21 |    39 |   114 |    25 ||   206
         Punch             |     2 |     8 |    20 |    68 |    15 ||   113
         Constrict         |       |       |       |       |   144 ||   144
 Invoke: Berserk           |       |     3 |     3 |    17 |     9 ||    32
         Trog's Hand       |       |       |       |     4 |     3 ||     7
  Evoke: Wand              |       |       |       |    11 |     1 ||    12
    Use: Potion            |       |     2 |     3 |     2 |     3 ||    10
         Scroll            |       |       |    10 |    10 |     6 ||    26
   Stab: Sleeping          |     5 |     2 |     9 |     9 |     7 ||    32
         Distracted        |     2 |     1 |     2 |       |     1 ||     6
 Armour: Skin              |    31 |    90 |   123 |   177 |   321 ||   742
  Dodge: Dodged            |    79 |   259 |   441 |   705 |   626 ||  2110
  Block: Other             |     1 |       |       |       |       ||     1
   Form: Serpent           |       |       |       |       |     1 ||     1

Table legend: (Time is in decaauts)
 A = Elapsed time spent in this place.
 B = Non-inter-level travel time spent in this place.
 C = Inter-level travel time spent in this place.
 D = Time resting spent in this place.
 E = Time spent auto-exploring this place.
 F = Levels seen in this place.
 G = Mean time per level.
                   A        B        C        D        E       F      G
               +--------+--------+--------+--------+--------+-----+--------+
         Total |  22539 |  21616 |    923 |   4391 |  13332 |  19 | 1186.3 |
       Dungeon |  12255 |  11646 |    609 |   2024 |   7554 |  11 | 1114.1 |
          Lair |   5390 |   5152 |    238 |   1346 |   2898 |   4 | 1347.5 |
        Shoals |   1257 |   1257 |      0 |    260 |    800 |   1 | 1257.0 |
  Orcish Mines |   2997 |   2922 |     75 |    759 |   1635 |   2 | 1498.5 |
         Sewer |    638 |    638 |      0 |      0 |    444 |   1 |  638.0 |
               +--------+--------+--------+--------+--------+-----+--------+

Top non-repeatable levels by time:
   Orc:2: 2470 daAuts
  Lair:2: 2014 daAuts
     D:9: 2009 daAuts
  Lair:1: 1391 daAuts
    D:10: 1363 daAuts
  Lair:3: 1290 daAuts
     D:3: 1287 daAuts
Shoals:1: 1257 daAuts
     D:4: 1255 daAuts
    D:11: 1236 daAuts
     D:8: 1061 daAuts
     D:5: 1051 daAuts
     D:6: 944 daAuts
     D:2: 753 daAuts
  Lair:4: 694 daAuts
